PAAA
HOUSTON BC @ SUNSET DISTRICT FOG
07/29/2027
 
TOP OF THE 1ST
Houston BC batting - Pitching for Sunset District Fog : LHP José Reyna
Pitching: LHP José Reyna
Batting: SHB Ricardo Pérez 0-0: Foul Ball, location: 2F
0-1: Ball
1-1: Foul Ball, location: 2F
1-2: Ball
2-2: Foul Ball, location: 2F
2-2: Ball
3-2: Fly out, F8 (Line Drive, 8RM)
Batting: RHB Jorge Quezada 0-0: Ball
1-0: Called Strike
1-1: Reached on error, E5 (Groundball, 5)
Batting: RHB Yoshihito Samurakami 0-0: Ball
1-0: Foul Ball, location: 2F
1-1: Ball
2-1: Fly out, F8 (Flyball, 8LS)
Batting: RHB Albert Delgado 0-0: Ball
1-0: Called Strike
1-1: Ball
2-1: SINGLE (Flyball, 7LS)
Jorge Quezada to second
Batting: LHB Álex Ramírez 0-0: Foul Ball, location: 2F
0-1: Ball
1-1: Swinging Strike
1-2: Fielders Choice at 2nd, 4-6 (Groundball, 4)
Top of the 1st over - 0 run(s), 1 hit(s), 1 error(s), 1 left on base; Houston 0 - Sunset District 0
BOTTOM OF THE 1ST
Sunset District Fog batting - Pitching for Houston BC : RHP Millard Taylor
Pitching: RHP Millard Taylor
Batting: RHB Reginald Kalkman 0-0: Called Strike
0-1: Ball
1-1: Ball
2-1: Swinging Strike
2-2: Strikes out swinging
Batting: LHB Pedro Tapia 0-0: Swinging Strike
0-1: Ball
1-1: SINGLE (Line Drive, 7S)
Batting: SHB Albert Sánchez 0-0: Ball
1-0: Fly out, F9 (Flyball, 89XD)
Batting: RHB José Vargas 0-0: Ball
1-0: Ball
Pedro Tapia steals 2nd base
2-0: Foul Ball, location: 2F
2-1: Foul Ball, location: 2F
2-2: Ball
3-2: Ground out 6-3 (Groundball, 6)
Bottom of the 1st over - 0 run(s), 1 hit(s), 0 error(s), 1 left on base; Houston 0 - Sunset District 0
TOP OF THE 2ND
Houston BC batting - Pitching for Sunset District Fog : LHP José Reyna
Batting: RHB Alfredo Mojica 0-0: Called Strike
0-1: Fly out, F5 (Line Drive, 6)
Batting: RHB Alfredo Rivera 0-0: Swinging Strike
0-1: Called Strike
0-2: Ball
1-2: Ground out 4-3 (Groundball, 34)
Batting: LHB António Rivera 0-0: Bunt missed!
0-1: Swinging Strike
0-2: Foul Ball, location: 2F
0-2: Foul Ball, location: 2F
0-2: Ball
1-2: Foul Ball, location: 2F
1-2: Ball
2-2: Ball
3-2: Base on Balls
Batting: LHB Raúl Trevino 0-0: Called Strike
0-1: Fly out, F9 (Flyball, 9S)
Top of the 2nd over - 0 run(s), 0 hit(s), 0 error(s), 1 left on base; Houston 0 - Sunset District 0
BOTTOM OF THE 2ND
Sunset District Fog batting - Pitching for Houston BC : RHP Millard Taylor
Batting: SHB Carlos Sánchez 0-0: Ball
1-0: Foul Ball, location: 2F
1-1: Foul Ball, location: 2F
1-2: Foul Ball, location: 2F
1-2: Foul Ball, location: 2F
1-2: Ball
2-2: Ball
3-2: SINGLE (Flyball, 78M)
Batting: RHB Mariano Sánchez 0-0: Ball
1-0: Foul Ball, location: 2F
1-1: Fly out, F9 (Flyball, 9)
Batting: RHB Ricardo Téllez 0-0: Ball
1-0: Called Strike
1-1: Fly out, F8 (Flyball, 89D)
Batting: LHB Jake Render 0-0: Called Strike
0-1: SINGLE (Line Drive, 6MD)
Carlos Sánchez to second
Batting: RHB Jack Head 0-0: Called Strike
0-1: DOUBLE (Line Drive, 7LM)
Carlos Sánchez scores
Jake Render to third
Batting: RHB Reginald Kalkman 0-0: Fly out, F7 (Flyball, 78S)
Bottom of the 2nd over - 1 run(s), 3 hit(s), 0 error(s), 2 left on base; Houston 0 - Sunset District 1
TOP OF THE 3RD
Houston BC batting - Pitching for Sunset District Fog : LHP José Reyna
Batting: SHB Ricardo Pérez 0-0: Foul Ball, location: 2F
0-1: Ball
1-1: Foul Ball, location: 2F
1-2: Ball
2-2: Ball
3-2: Base on Balls
Batting: RHB Jorge Quezada 0-0: Called Strike
0-1: Ball
1-1: Ball
2-1: Fly out, F8 (Flyball, 8RS)
Batting: RHB Yoshihito Samurakami 0-0: Ball
Ricardo Pérez steals 2nd base
1-0: Called Strike
1-1: Ball
2-1: SINGLE (Groundball, 56D)
Ricardo Pérez to third
Batting: RHB Albert Delgado 0-0: Ball
1-0: Grounds into double play, 5-4-3 (Groundball, 56)
Top of the 3rd over - 0 run(s), 1 hit(s), 0 error(s), 1 left on base; Houston 0 - Sunset District 1
BOTTOM OF THE 3RD
Sunset District Fog batting - Pitching for Houston BC : RHP Millard Taylor
Batting: LHB Pedro Tapia 0-0: Called Strike
0-1: Ground out 6-3 (Groundball, 6M)
Batting: SHB Albert Sánchez 0-0: Foul Ball, location: 2F
0-1: Ball
1-1: Swinging Strike
1-2: Ball
2-2: Ground out U3 (Groundball, 3)
Batting: RHB José Vargas 0-0: SINGLE (Flyball, 78S)
Batting: SHB Carlos Sánchez 0-0: DOUBLE (Line Drive, 9LM)
José Vargas to third
Batting: RHB Mariano Sánchez 0-0: Swinging Strike
0-1: Ball
1-1: Called Strike
1-2: Ball
2-2: Ball
3-2: Foul Ball, location: 2F
3-2: Ground out 6-3 (Groundball, 6MD)
Bottom of the 3rd over - 0 run(s), 2 hit(s), 0 error(s), 2 left on base; Houston 0 - Sunset District 1
TOP OF THE 4TH
Houston BC batting - Pitching for Sunset District Fog : LHP José Reyna
Batting: LHB Álex Ramírez 0-0: Ball
1-0: Ball
2-0: Ball
3-0: Called Strike
3-1: Called Strike
3-2: SINGLE (Groundball, 34D)
Batting: RHB Alfredo Mojica 0-0: Called Strike
0-1: Ball
1-1: Swinging Strike
1-2: Fly out, F9 (Flyball, 89S)
Batting: RHB Alfredo Rivera 0-0: Called Strike
0-1: Grounds into double play, 4-6-3 (Groundball, 34)
Top of the 4th over - 0 run(s), 1 hit(s), 0 error(s), 0 left on base; Houston 0 - Sunset District 1
BOTTOM OF THE 4TH
Sunset District Fog batting - Pitching for Houston BC : RHP Millard Taylor
Batting: RHB Ricardo Téllez 0-0: Ball
1-0: Ground out 6-3 (Groundball, 6)
Batting: LHB Jake Render 0-0: Foul Ball, location: 2F
0-1: Ball
1-1: Called Strike
1-2: Ground out 1-3 (Groundball, 13)
Batting: RHB Jack Head 0-0: Ball
1-0: Foul Ball, location: 2F
1-1: Called Strike
1-2: Foul Ball, location: 2F
1-2: Ball
2-2: Strikes out swinging
Bottom of the 4th over - 0 run(s), 0 hit(s), 0 error(s), 0 left on base; Houston 0 - Sunset District 1
TOP OF THE 5TH
Houston BC batting - Pitching for Sunset District Fog : LHP José Reyna
Batting: LHB António Rivera 0-0: Swinging Strike
0-1: Called Strike
0-2: Ball
1-2: Ball
2-2: Strikes out looking
Batting: LHB Raúl Trevino 0-0: Foul Ball, location: 2F
0-1: Ground out U3 (Groundball, 34)
Batting: SHB Ricardo Pérez 0-0: Ball
1-0: Foul Ball, location: 2F
1-1: Ball
2-1: Foul Ball, location: 2F
2-2: Fly out, F7 (Flyball, 7)
Top of the 5th over - 0 run(s), 0 hit(s), 0 error(s), 0 left on base; Houston 0 - Sunset District 1
BOTTOM OF THE 5TH
Sunset District Fog batting - Pitching for Houston BC : RHP Millard Taylor
Batting: RHB Reginald Kalkman 0-0: Called Strike
0-1: Foul Ball, location: 2F
0-2: Ball
1-2: Fly out, F8 (Line Drive, 8LM)
Batting: LHB Pedro Tapia 0-0: Ground out 6-3 (Groundball, 6D)
Batting: SHB Albert Sánchez 0-0: Foul Ball, location: 2F
0-1: Fly out, F8 (Flyball, 8LM)
Bottom of the 5th over - 0 run(s), 0 hit(s), 0 error(s), 0 left on base; Houston 0 - Sunset District 1
TOP OF THE 6TH
Houston BC batting - Pitching for Sunset District Fog : LHP José Reyna
Batting: RHB Jorge Quezada 0-0: Ball
1-0: Reached on error, E6 (Groundball, 6)
Batting: RHB Yoshihito Samurakami 0-0: Ball
1-0: DOUBLE (Line Drive, 7D)
Jorge Quezada to third
Batting: RHB Albert Delgado 0-0: Called Strike
0-1: Ground out 5-3 (Groundball, 2L)
Batting: LHB Álex Ramírez 0-0: Called Strike
0-1: SINGLE (Groundball, 4M)
Jorge Quezada scores
Yoshihito Samurakami to third
Runner from 3rd tries for Home, SAFE, throw made home
Batting: RHB Alfredo Mojica 0-0: Called Strike
0-1: Called Strike
0-2: SINGLE (Line Drive, 56D)
Álex Ramírez to second
Batting: RHB Alfredo Rivera 0-0: Ball
1-0: Ball
2-0: SINGLE (Line Drive, 34D)
Álex Ramírez to third
Alfredo Mojica to second
Batting: LHB António Rivera 0-0: Swinging Strike
0-1: SINGLE (Groundball, 5D)
Álex Ramírez scores
Alfredo Mojica to third
Alfredo Rivera to second
Pitching: LHP Roberto Silva
Batting: LHB Raúl Trevino 0-0: Ball
1-0: Called Strike
1-1: Fly out, F9 (Line Drive, 89M)
Runner from 3rd tags up, OUT at HOME
Top of the 6th over - 3 run(s), 5 hit(s), 1 error(s), 2 left on base; Houston 3 - Sunset District 1
BOTTOM OF THE 6TH
Sunset District Fog batting - Pitching for Houston BC : RHP Millard Taylor
Batting: RHB José Vargas 0-0: SOLO HOME RUN (Flyball, 7D), Distance : 411 ft
Batting: SHB Carlos Sánchez 0-0: Swinging Strike
0-1: Swinging Strike
0-2: Strikes out swinging
Batting: RHB Mariano Sánchez 0-0: Ball
1-0: Called Strike
1-1: Called Strike
1-2: Strikes out swinging
Batting: RHB Ricardo Téllez 0-0: Ball
1-0: Ball
2-0: Fly out, F9 (Flyball, 89D)
Bottom of the 6th over - 1 run(s), 1 hit(s), 0 error(s), 0 left on base; Houston 3 - Sunset District 2
TOP OF THE 7TH
Houston BC batting - Pitching for Sunset District Fog : LHP Roberto Silva
Batting: SHB Ricardo Pérez 0-0: Called Strike
0-1: Foul Ball, location: 2F
0-2: Ball
1-2: Ball
2-2: SINGLE (Groundball, 34D)
Batting: RHB Jorge Quezada 0-0: Fly out, F9 (Flyball, 9S)
Batting: RHB Yoshihito Samurakami 0-0: Foul Ball, location: 2F
0-1: Called Strike
Ricardo Pérez steals 2nd base
0-2: Ball
1-2: Foul Ball, location: 2F
1-2: Ball
2-2: Ground out 4-3 (Groundball, 4)
Ricardo Pérez to third
Batting: RHB Albert Delgado 0-0: Ball
1-0: Called Strike
1-1: Called Strike
1-2: Ball
2-2: Ground out 5-3 (Groundball, 56S)
Top of the 7th over - 0 run(s), 1 hit(s), 0 error(s), 1 left on base; Houston 3 - Sunset District 2
BOTTOM OF THE 7TH
Sunset District Fog batting - Pitching for Houston BC : RHP Millard Taylor
Batting: LHB Jake Render 0-0: Ball
1-0: Foul Ball, location: 2F
1-1: Called Strike
1-2: Foul Ball, location: 2F
1-2: Hit by Pitch
Batting: RHB Jack Head 0-0: Ball
1-0: Foul Ball, location: 2F
1-1: Ball
2-1: Foul Ball, location: 2F
2-2: Foul Ball, location: 2F
2-2: Strikes out looking
Batting: RHB Reginald Kalkman 0-0: Foul Ball, location: 2F
0-1: Ball
1-1: Ball
2-1: Ball
3-1: Called Strike
3-2: Fielders Choice at 2nd, 1-6 (Groundball, 13)
Batting: LHB Pedro Tapia 0-0: Ball
1-0: Swinging Strike
1-1: Fielders Choice at 2nd, U4 (Groundball, 4M)
Bottom of the 7th over - 0 run(s), 0 hit(s), 0 error(s), 1 left on base; Houston 3 - Sunset District 2
TOP OF THE 8TH
Houston BC batting - Pitching for Sunset District Fog : LHP Roberto Silva
Batting: LHB Álex Ramírez 0-0: Ball
1-0: Called Strike
1-1: Ball
2-1: Foul Ball, location: 2F
2-2: Ground out 4-3 (Groundball, 4)
Batting: RHB Alfredo Mojica 0-0: Swinging Strike
0-1: Ball
1-1: Ball
2-1: Ball
3-1: Foul Ball, location: 2F
3-2: Foul Ball, location: 2F
3-2: Fly out, F8 (Flyball, 8LM)
Batting: RHB Alfredo Rivera 0-0: Ball
1-0: Called Strike
1-1: Foul Ball, location: 2F
1-2: Foul Ball, location: 2F
1-2: Foul Ball, location: 2F
1-2: Ball
2-2: Foul Ball, location: 2F
2-2: Ground out 4-3 (Groundball, 4)
Top of the 8th over - 0 run(s), 0 hit(s), 0 error(s), 0 left on base; Houston 3 - Sunset District 2
BOTTOM OF THE 8TH
Sunset District Fog batting - Pitching for Houston BC : RHP Millard Taylor
Pitching: RHP Marc Morgan
Batting: SHB Albert Sánchez 0-0: Ball
1-0: Ball
2-0: DOUBLE (Groundball, 3L)
Pitching: RHP Arnout Els
Batting: RHB José Vargas 0-0: Ball
1-0: Ball
2-0: SINGLE (Line Drive, 4D)
Albert Sánchez to third
Runner from 3rd tries for Home, SAFE, throw made home
José Vargas to second
Batting: SHB Carlos Sánchez 0-0: Called Strike
0-1: Called Strike
0-2: Fly out, F9 (Flyball, 9S)
Batting: RHB Mariano Sánchez 0-0: Ball
1-0: Ball
2-0: Foul Ball, location: 2F
2-1: Ball
3-1: Base on Balls
Batting: RHB Ricardo Téllez 0-0: Fly out, F6 (Line Drive, 6)
Lined into DP, 6-4 (Line Drive, 6)
Bottom of the 8th over - 1 run(s), 2 hit(s), 0 error(s), 1 left on base; Houston 3 - Sunset District 3
TOP OF THE 9TH
Houston BC batting - Pitching for Sunset District Fog : LHP Roberto Silva
Pitching: LHP Ángelo Méndez
Pinch Hitting: RHB Alfonso Bocanegra 0-0: Ball
1-0: Ball
2-0: Foul Ball, location: 2F
2-1: Called Strike
2-2: Foul Ball, location: 2F
2-2: Foul Ball, location: 2F
2-2: Ball
3-2: Base on Balls
Batting: LHB Raúl Trevino 0-0: Called Strike
0-1: Fielders Choice at 2nd, 4-6 (Groundball, 4)
Batting: SHB Ricardo Pérez 0-0: Ball
1-0: Called Strike
Raúl Trevino steals 2nd base
1-1: Ball
2-1: Ground out 5-3 (Groundball, 5S)
Raúl Trevino to third
Batting: RHB Jorge Quezada 0-0: Ball
1-0: Ball
2-0: Ball
3-0: Base on Balls
Batting: RHB Yoshihito Samurakami 0-0: Called Strike
0-1: Ball
1-1: Fly out, F7 (Line Drive, 7D)
Top of the 9th over - 0 run(s), 0 hit(s), 0 error(s), 2 left on base; Houston 3 - Sunset District 3
BOTTOM OF THE 9TH
Sunset District Fog batting - Pitching for Houston BC : RHP Arnout Els
Now in RF: Alfonso Bocanegra
Pinch Hitting: RHB Simon Yusaf Khel 0-0: Called Strike
0-1: Swinging Strike
0-2: Ball
1-2: Ball
2-2: Ball
3-2: Ground out 6-3 (Groundball, 6)
Pinch Hitting: LHB Jim Unknown 0-0: Foul Ball, location: 2F
0-1: Ball
1-1: Ball
2-1: Ground out U3 (Groundball, 3)
Batting: RHB Reginald Kalkman 0-0: Ball
1-0: Foul Ball, location: 2F
1-1: Swinging Strike
1-2: Foul Ball, location: 2F
1-2: Strikes out swinging
Bottom of the 9th over - 0 run(s), 0 hit(s), 0 error(s), 0 left on base; Houston 3 - Sunset District 3
TOP OF THE 10TH
Houston BC batting - Pitching for Sunset District Fog : LHP Ángelo Méndez
Now in LF: Jim Unknown
Now in RF: Simon Yusaf Khel
Batting: RHB Albert Delgado 0-0: Ball
1-0: Ground out 5-3 (Groundball, 56S)
Pinch Hitting: RHB Dennis Morrow 0-0: Called Strike
0-1: Called Strike
0-2: Ball
1-2: Strikes out swinging
Batting: RHB Alfredo Mojica 0-0: Foul Ball, location: 2F
0-1: Swinging Strike
0-2: Foul Ball, location: 2F
0-2: Ball
1-2: Ball
2-2: Foul Ball, location: 2F
2-2: Foul Ball, location: 2F
2-2: Foul Ball, location: 2F
2-2: Fly out, F4 (Line Drive, 4)
Top of the 10th over - 0 run(s), 0 hit(s), 0 error(s), 0 left on base; Houston 3 - Sunset District 3
BOTTOM OF THE 10TH
Sunset District Fog batting - Pitching for Houston BC : RHP Arnout Els
Now at SS: Dennis Morrow
Batting: LHB Pedro Tapia 0-0: Ball
1-0: Ball
2-0: Ball
3-0: Base on Balls
Batting: SHB Albert Sánchez 0-0: Ball
1-0: Swinging Strike
1-1: Called Strike
1-2: Strikes out swinging
Batting: RHB José Vargas 0-0: Called Strike
0-1: Ball
1-1: Called Strike
1-2: Ball
2-2: Foul Ball, location: 2F
2-2: Ball
3-2: Base on Balls
Pedro Tapia to second
Batting: SHB Carlos Sánchez 0-0: Fly out, F7 (Flyball, 78M)
Batting: RHB Mariano Sánchez 0-0: Called Strike
0-1: SINGLE (Groundball, 6MD)
Pedro Tapia to third
José Vargas to second
Runner from 3rd tries for Home, SAFE, no throw
Saturday, May 26th, 2018 - OOTP Baseball 17.12 Build 75